 Dungeon Crawl Stone Soup version 0.26-a0-812-g31a745ddcd (webtiles) character file.

Game seed: 14670625178544031959

830 tilp the Insei (level 7, -2/48 HPs)
             Began as an Octopode Transmuter on Nov 30, 2020.
             Was a Believer of Nemelex Xobeh.
             Slain by an acid dragon (3 damage)
             ... on level 6 of the Dungeon on Dec 1, 2020.
             The game lasted 00:20:44 (9564 turns).

tilp the Insei (Octopode Transmuter)                Turns: 9564, Time: 00:20:46

Health: -2/48      AC:  1    Str:  9    XL:     7   Next: 97%
Magic:  10/10      EV: 15    Int: 23    God:    Nemelex Xobeh [**....]
Gold:   435        SH:  0    Dex: 13    Spells: 4/10 levels left

rFire    . . .     SeeInvis .     - Unarmed
rCold    . . .     Faith    .   (no shield)
rNeg     . . .     Spirit   .   (helmet restricted)
rPois    .         Reflect  .   l - amulet of the acrobat
rElec    .         Harm     .   q - +6 ring of intelligence
rCorr    .         Rampage  .   (no ring)
MR       .....                  (no ring)
Stlth    +++.......             (no ring)
HPRegen  0.16/turn              (no ring)
MPRegen  0.12/turn              (no ring)
                                (no ring)
                                (no ring)

@: no status effects
A: almost no armour, stealthy swim, amphibious, 8 rings, constrict 8, camouflage
1, gelatinous body 1
a: Draw Escape, Draw Destruction, Draw Summoning, Renounce Religion


You were on level 6 of the Dungeon.
You worshipped Nemelex Xobeh.
Nemelex Xobeh was pleased with you.
You visited 1 branch of the dungeon, and saw 6 of its levels.

You collected 435 gold pieces.

Inventory:

Missiles
 a - 19 poisoned darts (quivered)
 d - 166 stones
 n - 5 silver javelins
Armour
 c - a +0 kite shield
 t - a +0 buckler
Jewellery
 l - an amulet of the acrobat (around mantle)
 q - a +6 ring of intelligence (left tentacle)
Scrolls
 e - 2 scrolls of amnesia
 g - a scroll of identify
 h - a scroll of magic mapping {unknown}
 j - a scroll of teleportation {unknown}
 k - a scroll of fog {unknown}
 m - a scroll of enchant weapon {unknown}
 o - a scroll of remove curse
 p - a scroll of immolation {unknown}
 r - a scroll of fear {unknown}
Potions
 b - a potion of haste
 f - a potion of lignification
 i - a potion of flight
 s - a potion of brilliance
 u - a potion of attraction


   Skills:
 - Level 4.0 Fighting
 - Level 4.0 Dodging
 - Level 4.0 Stealth
 + Level 1.1 Shields
 + Level 6.1 Unarmed Combat
 - Level 2.0 Spellcasting
 - Level 3.0 Transmutations


You had 4 spell levels left.
You knew the following spells:

 Your Spells              Type           Power        Failure   Level
a - Beastly Appendage     Tmut           ###...       3%          1
b - Wereblood             Tmut           ###.....     5%          2
c - Spider Form           Tmut/Pois      #.........   21%         3

Your spell library contained the following spells:

 Spells                   Type           Power        Failure   Level
 Ice Form                 Ice/Tmut       #.......     56%         4
 Blade Hands              Tmut           ###.......   71%         5


Dungeon Overview and Level Annotations

Branches:
Dungeon (6/15)
 Temple: D:4-7

Altars:
Kikubaaqudgha
Nemelex Xobeh
Okawaru
Qazlal
Ru
Trog
Uskayaw
Vehumet
Wu Jian
The Shining One

Annotations:
D:2 exclusion: goblin, Natasha, Sigmund, Terence
D:5 exclusions: 2 doors and goblin, Grinder, Menkaure


Innate Abilities, Weirdness & Mutations

You cannot wear most types of armour.
You are very stealthy in the water. (Stealth+)
You are amphibious.
You can wear up to eight rings at the same time.
You can use your tentacles to constrict eight enemies at once.
Your skin changes colour to match your surroundings (Stealth+).
Your rubbery body absorbs attacks. (AC +1, EV +1)


Message History

Something completely misses you.
You closely miss something. Something hits you.
* * * LOW HITPOINT WARNING * * *
Something shocks you.
* * * LOW HITPOINT WARNING * * *
Unknown command.
You draw a card...
You have drawn Degeneration.
An acid dragon appears out of thin air!
Reactivating autopickup.
The acid dragon twists and deforms.
You draw a card...
You have drawn the Orb.
Press: ? - help, Shift-Dir - straight line, f/p - acid dragon
Aim: an acid dragon (misshapen and mutated)
Your orb of destruction hits a rock wall.
The acid dragon bites you!
* * * LOW HITPOINT WARNING * * *
The acid dragon claws you.
You die...
Your body disappears without a glow.

####.#############...##
#....# #.# #..## ##.###
#.# #.## #...# #.# ###
##..## #.# #.#### #.#
##...# #.# #....###
#....D@## #....*.*##
#........# #.......##
##....### ####..# ####
...#


You could see an acid dragon (misshapen).

Vanquished Creatures
  A scorpion (D:6)
  A howler monkey (D:6)
  2 hounds
  An orc priest (D:6)
  5 orc wizards
  A centaur skeleton (D:5)
  An iguana (D:2)
  3 worker ants
  A worker ant zombie (D:5)
  4 gnolls (D:3)
  7 adders
  A white imp (D:5)
  An ooze (D:4)
  An ufetubus (D:5)
  2 adder zombies
  6 worms
  7 dart slugs
  6 leopard geckos
  14 orcs
  A ball python (D:2)
  8 giant cockroaches
  16 goblins
  17 hobgoblins
  5 jackals
  3 quokkas
  8 bats
  7 frilled lizards
  A giant cockroach zombie (D:5)
  6 kobolds
  13 rats
150 creatures vanquished.

Vanquished Creatures (collateral kills)
  An ogre (D:6)
  A leopard gecko (D:6)
2 creatures vanquished.

Vanquished Creatures (others)
  8 plants (D:1)
8 creatures vanquished.

Grand Total: 160 creatures vanquished

Notes
Turn   | Place    | Note
-------+----------+-------------------------------------------
     0 | D:1      | tilp the Octopode Transmuter began the quest for the Orb.
     0 | D:1      | Reached XP level 1. HP: 13/13 MP: 3/3
   334 | D:1      | Reached XP level 2. HP: 18/18 MP: 3/5
   609 | D:1      | Reached XP level 3. HP: 13/23 MP: 6/6
  1588 | D:1      | Reached skill level 4 in Unarmed Combat
  1660 | D:1      | Reached XP level 4. HP: 27/28 MP: 5/7
  1827 | D:2      | Noticed Sigmund
  2046 | D:2      | Learned a level 2 spell: Wereblood
  2050 | D:2      | Learned a level 3 spell: Spider Form
  2271 | D:2      | Noticed Terence
  2428 | D:2      | Found an ornate altar of the Wu Jian Council.
  2519 | D:2      | Found a sparkling altar of Nemelex Xobeh.
  2524 | D:2      | Noticed Natasha
  2742 | D:2      | Reached XP level 5. HP: 33/33 MP: 5/8
  2776 | D:2      | Reached skill level 5 in Unarmed Combat
  3476 | D:3      | Found an ancient bone altar of Kikubaaqudgha.
  3897 | D:3      | Found a radiant altar of Vehumet.
  3953 | D:3      | Found a hide-covered altar of Uskayaw.
  3953 | D:3      | Found a bloodstained altar of Trog.
  3957 | D:3      | Found an iron altar of Okawaru.
  3958 | D:3      | Found a glowing golden altar of the Shining One.
  4014 | D:3      | Found a sparkling altar of Nemelex Xobeh.
  4339 | D:3      | Reached skill level 6 in Unarmed Combat
  4530 | D:3      | Became a worshipper of Nemelex Xobeh the Trickster
  4737 | D:4      | Reached XP level 6. HP: 38/38 MP: 7/9
  4803 | D:4      | Reached skill level 1 in Stealth
  5455 | D:4      | HP: 1/38 [something/magic dart (7)]
  5913 | D:4      | Found a stormy altar of Qazlal.
  6062 | D:4      | Reached * piety under Nemelex Xobeh
  6527 | D:5      | Entered Level 5 of the Dungeon
  6803 | D:5      | Received a gift from Nemelex Xobeh
  6842 | D:5      | Reached XP level 7. HP: 37/45 MP: 8/10
  7474 | D:5      | Noticed Grinder
  7486 | D:5      | Noticed Menkaure
  7890 | D:6      | Found a sacrificial altar of Ru.
  7959 | D:6      | Reached ** piety under Nemelex Xobeh
  7962 | D:6      | Received a gift from Nemelex Xobeh
  9220 | D:6      | Reached skill level 1 in Shields
  9465 | D:6      | Received a gift from Nemelex Xobeh
  9564 | D:6      | HP: 1/48 [acid dragon (8)]
  9564 | D:6      | Slain by an acid dragon

Illustrated notes

Levels and vault maps discovered:
D:1:      nzn_arrival_water_spiral, layout_basic, serial_bayou_pond_b
D:2:      layout_loops_ring, lemuel_crystal_altar,
          nicolae_overflow_hidden_temple, minmay_quantized, uniq_natasha,
          uniq_sigmund, uniq_terence
D:3:      layout_basic, minitemple, overflow_temple_1_default,
          nemelex_altar_shiori
D:4:      layout_layer_cave, nicolae_qazlal_general_emergency
D:5:      minmay_goblin_kobold_castle, layout_loops_cross, uniq_grinder,
          uniq_menkaure
D:6:      layout_cave_pods, overflow_temple_1_default, serial_co_window_serial,
          co_window_paths_a, co_window_paths_a, co_window_of_opportunity_a,
          co_window_cross_1, co_window_paths_a, co_window_corner_a,
          co_window_of_opportunity_a, co_window_broadway_c, co_window_corner_b,
          co_window_unsneaky_path_e, co_window_broadway_b, co_window_broadway_b,
          co_window_unsneaky_path_b, glass_columns_a, glass_columns_b,
          glass_columns_c, hangedman_abyss_or_decor_stagger,
          minmay_misc_feat_encased

Skill      XL: |  1  2  3  4  5  6  7 |
---------------+----------------------+-----
Transmutations | 3 |  3.0
Unarmed Combat | 4 6 |  6.1
Stealth        | 4 |  4.0
Fighting       | 2 4 |  4.0
Dodging        | 4 |  4.0
Shields        | 1 |  1.1
Spellcasting   | |  2.0

Action                   |  1- 3 |  4- 6 |  7- 9 || total
-------------------------+-------+-------+-------++-------
Melee: Unarmed           |    84 |   180 |    78 ||   342
       Constrict         |    25 |    54 |    17 ||    96
       Kick              |    24 |    43 |    19 ||    86
       Tentacles         |     9 |    32 |    16 ||    57
       Punch             |       |     8 |     2 ||    10
Throw: Stone             |       |     3 |       ||     3
       Dart              |       |     3 |       ||     3
 Cast: Beastly Appendage |    22 |    45 |    21 ||    88
       Wereblood         |       |     2 |       ||     2
Invok: Draw Destruction  |       |       |     5 ||     5
       Draw Escape       |       |       |     1 ||     1
       Draw Summoning    |       |       |     1 ||     1
  Use: Scroll            |       |     4 |     2 ||     6
       Potion            |       |     5 |       ||     5
 Stab: Sleeping          |     4 |     6 |       ||    10
Armor: Skin              |     8 |     9 |     1 ||    18
Dodge: Dodged            |    42 |    98 |    55 ||   195

Table legend: (Time is in decaauts)
 A = Elapsed time spent in this place.
 B = Non-inter-level travel time spent in this place.
 C = Inter-level travel time spent in this place.
 D = Time resting spent in this place.
 E = Time spent auto-exploring this place.
 F = Levels seen in this place.
 G = Mean time per level.
                   A        B        C        D        E       F      G
               +--------+--------+--------+--------+--------+-----+--------+
         Total |   9516 |   8793 |    723 |   2993 |   4238 |   6 | 1586.0 |
       Dungeon |   9516 |   8793 |    723 |   2993 |   4238 |   6 | 1586.0 |
               +--------+--------+--------+--------+--------+-----+--------+

Top non-repeatable levels by time:
     D:1: 2237 daAuts
     D:4: 1831 daAuts
     D:6: 1678 daAuts
     D:5: 1348 daAuts
     D:3: 1229 daAuts
     D:2: 1190 daAuts
